 Dungeon Crawl Stone Soup version 0.30-a0-250-g41c1d76940 (webtiles) character file.

Game seed: 12267739085789287755

114 IdlyInterested the Trooper (level 4, -1/35 HPs)
             Began as a Demonspawn Wanderer on Oct 12, 2022.
             Killed from afar by an orc wizard (9 damage)
             ... with a magic dart
             ... on level 3 of the Dungeon.
             The game lasted 00:05:34 (1952 turns).

IdlyInterested the Trooper (Demonspawn Wanderer)    Turns: 1952, Time: 00:05:35

Health: -1/35      AC:  6    Str: 11    XL:     4   Next: 66%
Magic:  5/5        EV:  8    Int: 12    God:
Gold:   127        SH:  0    Dex: 17    Spells: 4/5 levels left

rFire   . . .      SeeInvis .    a - +2 falchion
rCold   . . .      Faith    .    (no shield)
rNeg    . . .      Spirit   .    e - +0 scale mail
rPois   .          Reflect  .    (no helmet)
rElec   .          Harm     .    (no cloak)
rCorr   .          Rampage  .    (no gloves)
Will    .....                    (no boots)
Stlth   ..........               (no amulet)
HPRegen 0.25/turn                (no ring)
MPRegen 0.09/turn                (no ring)

@: confused, ambrosia-drunk, slowed, very slow
A: hooves 1, demonic guardian 1
a: no special abilities


You were on level 3 of the Dungeon.
You visited 1 branch of the dungeon, and saw 3 of its levels.

You collected 127 gold pieces.

Inventory:

Hand Weapons
 a - a +2 falchion (weapon)
 i - a +0 long sword
 k - a +1 dagger of flaming
 m - a +2 dagger of electrocution
Missiles
 u - 6 poisoned darts
Armour
 d - a +0 robe
 e - a +0 scale mail (worn)
 j - a +0 leather armour
 o - a +0 ring mail
Wands
 b - a wand of flame (6)
Scrolls
 c - a scroll of blinking
 h - a scroll of silence
 l - a scroll of poison
 n - a scroll of teleportation
 q - a scroll of fear
Potions
 f - a potion of haste
 g - 3 potions of curing
 p - 2 potions of flight
 t - a potion of magic
 v - a potion of brilliance {unknown}


   Skills:
 * Level 3.5 Fighting
 - Level 2.6 Long Blades
 - Level 1.0 Armour
 + Level 0.6 Dodging
 - Level 2.0 Stealth
 - Level 1.0 Spellcasting
 - Level 1.0 Earth Magic
 - Level 1.2 Invocations
 - Level 3.0 Evocations


You had 4 spell levels left.
You knew the following spells:

 Your Spells              Type           Power      Damage    Failure   Level
a - Sandblast             Erth           6%         2d5       77%         1

Your spell library contained the following spells:

 Spells                   Type           Power      Damage    Failure   Level
 Stone Arrow              Conj/Erth      2%         3d7       99%         3


Dungeon Overview and Level Annotations

Branches:
Dungeon (3/15)

Altars:


Innate Abilities, Weirdness & Mutations

You have large cloven feet.
A weak demonic guardian rushes to your aid.


Message History

You are confused.
You feel invigorated.
Your ufetubus closely misses something. x2
You hear some strange, mumbled words.
A puff of flame appears from out of thin air!
The puff of flame hits you.
* * * LOW HITPOINT WARNING * * *
The orc hits you with a +0 mace.
* * * LOW HITPOINT WARNING * * *
Your ufetubus barely misses something. x2; The orc barely misses you.
You hear some strange, mumbled words.
You are more confused.
Your ufetubus barely misses the orc. x2
Your ufetubus barely misses something.
Your ufetubus misses something. The orc hits you with a +0 mace.
* * * LOW HITPOINT WARNING * * *
Something hits you.
* * * LOW HITPOINT WARNING * * *
Your ufetubus hits the orc but does no damage.
Your ufetubus hits the orc.
Your ufetubus closely misses the orc.
Your ufetubus barely misses the orc.
The orc hits your ufetubus with a +0 mace!
Your ufetubus dies!
Your ufetubus disappears in a puff of smoke!
Something hits you.
* * * LOW HITPOINT WARNING * * *
The orc hits your endoplasm with a +0 mace.
Your endoplasm dies!
Your endoplasm dissolves into shadows!
You hear some strange, mumbled words.
You are more confused.
The orc shouts!
The orc hits you with a +0 mace. Something hits you.
* * * LOW HITPOINT WARNING * * *
Unknown command.
The orc hits you with a +0 mace.
* * * LOW HITPOINT WARNING * * *
You hear some strange, mumbled words.
A magic dart appears from out of thin air!
The magic dart hits you!
You die...

### # #.. . #.#
######.#### .
#.....g...#
...#######.####.##.#####
......o.........##......
...#l{@#...##..##..####
#...#.).#.##......#
#...#...#...###.##.##
#.. ##.###...##.##.## ..
#.. ....##.#...# ...#
..#.........# .#.
#...##..#...# ##
#.###.## #. #.#


You could see an orc and a frilled lizard.

Vanquished Creatures
  An orc priest (D:3)
  Jessica (D:3)
  An adder (D:2)
  A worm (D:2)
  5 orcs (D:3)
  3 ball pythons
  4 bats (D:1)
  4 endoplasms
  A giant cockroach (D:2)
  3 hobgoblins
  7 kobolds
  3 frilled lizards (D:1)
  10 rats
44 creatures vanquished.

Notes
Turn   | Place    | Note
-------+----------+-------------------------------------------
     0 | D:1      | IdlyInterested the Demonspawn Wanderer began the quest for
                  | the Orb.
     0 | D:1      | IdlyInterested set off with the following items: a +2
                  | falchion, a wand of flame (6), a scroll of blinking, a +0
                  | robe; and the following spell memorised: Sandblast; and the
                  | following spells available to memorise: Stone Arrow.
     0 | D:1      | Reached XP level 1. HP: 13/13 MP: 2/2
    87 | D:1      | Reached skill level 1 in Fighting
   135 | D:1      | Gained mutation: You have large cloven feet. [demonic
                  | ancestry]
   135 | D:1      | Reached XP level 2. HP: 20/21 MP: 3/3
   235 | D:1      | Reached skill level 1 in Stealth
   905 | D:2      | Gained mutation: A weak demonic guardian rushes to your
                  | aid. [demonic ancestry]
   905 | D:2      | Reached XP level 3. HP: 24/27 MP: 4/4
  1143 | D:2      | Found a faded altar of an unknown god.
  1748 | D:3      | Reached XP level 4. HP: 9/35 MP: 5/5
  1931 | D:3      | Noticed Jessica
  1947 | D:3      | Killed Jessica
  1947 | D:3      | HP: 1/35 [orc/+0 mace (3)]
  1952 | D:3      | Killed from afar by an orc wizard

Illustrated notes

Levels and vault maps discovered:
D:1:      scummos_arrival_simple_crosswalls, layout_loops_ring,
          nicolae_figureground_pulse
D:2:      layout_basic, hellmonk_ecumenical_altar_slurped_away,
          minmay_tetromino_i4
D:3:      layout_loops_ring, minmay_misc_feat_four_crosses,
          minmay_pentomino_pile, uniq_sigmund, uniq_jessica

Skill      XL: |  1  2  3 |
---------------+----------+-----
Fighting       | 1 2 3 |  3.5
Stealth        | 1 2 |  2.0
Long Blades    | |  2.6
Armour         | |  1.0
Dodging        | |  0.6
Spellcasting   | |  1.0
Earth Magic    | |  1.0
Invocations    | |  1.2
Evocations     | |  3.0

Action                   |  1- 3 |  4- 6 || total
-------------------------+-------+-------++-------
Melee: Falchion          |    89 |     8 ||    97
       Kick              |     9 |     2 ||    11
  Use: Scroll            |    10 |     1 ||    11
       Potion            |     2 |     1 ||     3
 Stab: Sleeping          |     4 |       ||     4
Armor: Robe              |    16 |       ||    16
       Scale mail        |    23 |     4 ||    27
       Ring mail         |     6 |       ||     6
       Leather armour    |     2 |       ||     2
Dodge: Dodged            |    42 |     6 ||    48

Table legend: (Time is in decaauts)
 A = Elapsed time spent in this place.
 B = Non-inter-level travel time spent in this place.
 C = Inter-level travel time spent in this place.
 D = Time resting spent in this place.
 E = Time spent auto-exploring this place.
 F = Levels seen in this place.
 G = Mean time per level.
                   A        B        C        D        E       F      G
               +--------+--------+--------+--------+--------+-----+--------+
         Total |   1977 |   1763 |    214 |    127 |   1129 |   3 |  659.0 |
       Dungeon |   1977 |   1763 |    214 |    127 |   1129 |   3 |  659.0 |
               +--------+--------+--------+--------+--------+-----+--------+

Top non-repeatable levels by time:
     D:2: 1068 daAuts
     D:1: 805 daAuts
     D:3: 104 daAuts
